 Dungeon Crawl Stone Soup version 0.26.1-2-gb8aa6d0cf2 (webtiles) character file.

Game seed: 8082391480745274112

52 hawla the Conjurer (level 3, -4/26 HPs)
             Began as a Draconian Conjurer on Feb 18, 2021.
             Slain by a bullfrog (8 damage)
             ... on level 2 of the Dungeon.
             The game lasted 00:03:22 (1447 turns).

hawla the Conjurer (Draconian Conjurer)             Turns: 1447, Time: 00:03:23

Health: -4/26      AC:  5    Str:  9    XL:     3   Next: 60%
Magic:  2/7        EV: 12    Int: 19    God:
Gold:   60         SH:  0    Dex:  9    Spells: 5/8 levels left

rFire    . . .     SeeInvis .   (no weapon)
rCold    . . .     Faith    .   (no shield)
rNeg     . . .     Spirit   .   (armour unavailable)
rPois    .         Reflect  .   (helmet restricted)
rElec    .         Harm     .   (no cloak)
rCorr    .         Rampage  .   (no gloves)
Will     .....                  (no boots)
Stlth    ++........             (no amulet)
HPRegen  0.08/turn              (no ring)
MPRegen  0.10/turn              (no ring)

@: no status effects
A: unfitting armour, cold-blooded, AC +5
a: no special abilities


You were on level 2 of the Dungeon.
You visited 1 branch of the dungeon, and saw 2 of its levels.

You collected 60 gold pieces.

Inventory:

Scrolls
 a - a scroll of blinking
 b - a scroll of fear {unknown}
 c - a scroll of enchant weapon {unknown}
 d - a scroll of fog {unknown}
Potions
 e - 2 potions of brilliance


   Skills:
 - Level 1.7 Dodging
 - Level 1.7 Stealth
 + Level 3.0 Spellcasting
 + Level 4.7 Conjurations


You had 5 spell levels left.
You knew the following spells:

 Your Spells              Type           Power        Failure   Level
a - Magic Dart            Conj           80%          2%          1
b - Searing Ray           Conj           40%          3%          2

Your spell library contained the following spells:

 Spells                   Type           Power        Failure   Level
 Dazzling Flash           Conj/Hex       22%          17%         3
 Fulminant Prism          Conj/Hex       5%           50%         4
 Iskenderun's Mystic Bla  Conj/Tloc      11%          50%         4


Dungeon Overview and Level Annotations

Branches:
Dungeon (2/15)

Altars:


Innate Abilities, Weirdness & Mutations

Your plain brown scales are hard. (AC +5)
You cannot fit into any form of body armour.
You are cold-blooded and may be slowed by cold attacks.


Message History

The searing ray misses the bullfrog.
The bullfrog hits you.
The searing ray misses the bullfrog.
You finish channeling your searing ray.
The bullfrog hits you.
A leopard gecko comes into view.
The bullfrog hits you.
Casting: Searing Ray (safe; 3% risk of failure)
Confirm with . or Enter, or press ? or * to list all spells.
You don't have enough magic to cast that spell.
The bullfrog barely misses you.
You closely miss the bullfrog.
You tail-slap the bullfrog, but do no damage.
The bullfrog hits you. x2
You hit the bullfrog.
The bullfrog is lightly wounded.
The bullfrog hits you.
* * * LOW HITPOINT WARNING * * *
You closely miss the bullfrog. You tail-slap the bullfrog.
The bullfrog is moderately wounded.
The bullfrog hits you!
You die...

.†# ## #.# .. ...
.##.# †..# .... .l#
..... #F# #.... ###
#@# #.... #.# #.##
#.#.# #.# #..# #.#.#
#.# ##.# #.#.# #.#
#)# ##.#.#
#.#########.####.#.>#
#....<..........###.#
###########.####.#.##
#......# ##.##


You could see a bullfrog and a leopard gecko.

Vanquished Creatures
  A dart slug (D:1)
  2 leopard geckos (D:1)
  A ball python (D:1)
  3 giant cockroaches (D:1)
  5 goblins
  A hobgoblin (D:1)
  8 jackals (D:1)
  A quokka (D:2)
  8 bats
  6 frilled lizards (D:1)
  5 kobolds (D:1)
  4 rats
45 creatures vanquished.

Notes
Turn   | Place    | Note
-------+----------+-------------------------------------------
     0 | D:1      | hawla the Draconian Conjurer began the quest for the Orb.
     0 | D:1      | Reached XP level 1. HP: 14/14 MP: 3/3
   111 | D:1      | Reached XP level 2. HP: 17/20 MP: 0/5
   127 | D:1      | Learned a level 2 spell: Searing Ray
   554 | D:1      | Reached XP level 3. HP: 26/26 MP: 4/7
  1440 | D:2      | Noticed a bullfrog
  1447 | D:2      | Slain by a bullfrog

Illustrated notes

Levels and vault maps discovered:
D:1:      nagdon_arrival_double_spiral, layout_rooms, minmay_lizard_pond
D:2:      layout_loops_ring, st_stairs_2, kennysheep_cluttered_room,
          minmay_crystal_room, kennysheep_potato

Skill      XL: |  1  2  3 |
---------------+----------+-----
Spellcasting   | 3 |  3.0
Dodging        | |  1.7
Stealth        | |  1.7
Conjurations   | |  4.7

Action                   || total
-------------------------++-------
Melee: Unarmed           ||    85
       Tailslap          ||     8
 Cast: Magic Dart        ||    23
       Searing Ray       ||    19
  Use: Scroll            ||     2
Armor: Skin              ||    35
Dodge: Dodged            ||    92
